Map: Rhoskallian LE

Players

Ekelpack - Winner!

  • Race: Zerg Zerg
  • Spawn Location: 5:00

Nyck - Winner!

  • Race: Terran Terran
  • Spawn Location: 6:00

bomberman

  • Race: Terran Terran
  • Spawn Location: 12:00

parabellum

  • Race: Protoss Protoss
  • Spawn Location: 11:00

VOD

Have the link to the VOD?

Description

Time

  • Played on: Feb. 4, 2025, 1:18 p.m.
  • Length: 14:52
Show
View Real Time Build Order
Export as new Build Order

Ekelpack Zerg - Winner!

Build Orders: Hatch First 

Get SALT Encoding   

  12  0:00  Drone  
  13  0:12  Overlord  
  13  0:18  Drone  
  14  0:31  Drone x2  
  16  0:36  Drone  
  17  0:46  Drone  
  18  0:58  Drone  
  18  1:01  Hatchery  
  18  1:02  Extractor  
  17  1:10  Drone  
  18  1:16  Spawning Pool  
  17  1:20  Drone  
  18  1:29  Drone  
  19  1:39  Drone  
  20  1:50  Overlord  
  20  2:03  Queen  
  22  2:09  Drone  
  22  2:12  Queen  
  22  2:15  Drone  
  26  2:18  Drone  
  26  2:22  Drone  
  28  2:27  Zergling x2  
  29  2:35  Drone x2  
  31  2:41  Lair  
  31  2:43  Metabolic Boost  
  31  2:53  Drone x2  
  31  2:55  Drone  
  31  2:56  Drone  
  35  3:01  Extractor  
  35  3:05  Drone  
  35  3:06  Drone  
  35  3:12  Overlord  
  36  3:13  Extractor  
  36  3:15  Drone  
  36  3:28  Overlord  
  36  3:29  Extractor  
  36  3:33  Drone x5  
  36  3:34  Drone  
  40  3:48  Drone  
  41  3:54  Spire  
  41  3:55  Drone  
  41  3:58  Drone x3  
  41  4:01  Queen  
  46  4:04  Zergling x6  
  46  4:06  Drone  
  46  4:08  Overlord  
  50  4:19  Overlord x2  
  50  4:52  Overlord x2  
  50  5:07  Mutalisk x3  
  50  5:08  Mutalisk x7  
  50  5:12  Zerg Flyer Weapons Level 1  
  70  5:27  Hatchery  
  69  5:40  Drone x2  
  71  5:51  Overlord x2  
  69  6:18  Drone x4  
  71  6:19  Drone x3  
  71  6:25  Infestation Pit  
  75  6:29  Evolution Chamber  
  75  6:30  Evolution Chamber  
  75  6:32  Drone x2  
  75  6:49  Extractor  
  75  6:50  Drone x5  
  75  6:51  Drone, Overlord, Extractor  
  75  6:52  Overlord x2  
  77  7:15  Drone x5  
  80  7:19  Zerg Melee Weapons Level 1, Hive  
  80  7:20  Zerg Ground Armor Level 1  
  80  7:21  Zerg Flyer Weapons Level 2  
  82  7:23  Zergling x12  
  82  7:29  Drone x2  
  90  7:45  Mutalisk x3  
  90  7:46  Mutalisk x3  
  102  7:53  Zergling x2  
  102  7:54  Zergling x6  
  105  8:33  Ultralisk Cavern  
  104  8:34  Mutalisk  
  104  8:35  Mutalisk x6  
  104  8:36  Overlord x3, Mutalisk x3  
  124  9:05  Zergling x14  
  124  9:06  Zergling x6  
  124  9:08  Adrenal Glands  
  134  9:21  Ultralisk x3  
  134  9:23  Chitinous Plating  
  152  9:25  Zergling x6  
  155  9:52  Overlord x3  
  155  9:53  Overlord  
  161  10:00  Ultralisk  
  161  10:01  Overlord  
  161  10:09  Hatchery  
  160  10:25  Corruptor x5  
  160  10:26  Corruptor x3  
  176  10:29  Zergling x6  
  176  10:30  Zergling x10  
  176  10:31  Pneumatized Carapace  
  184  10:41  Anabolic Synthesis  
  175  11:25  Drone x4  
  178  11:26  Drone x6  
  178  11:27  Drone x6  
  178  11:28  Drone x2  
  193  11:33  Zerg Melee Weapons Level 2, Zerg Ground Armor Level 2  
  193  11:53  Ultralisk  
  199  12:04  Extractor  
  196  12:08  Extractor  
  164  12:18  Ultralisk x4  
  164  12:19  Ultralisk  
  184  12:35  Ultralisk x2  
  184  12:36  Zergling x12  
  191  12:37  Zergling x4  
  191  12:39  Overlord x5  
  192  12:56  Overlord x2  
  192  13:22  Spire  
  191  13:54  Ultralisk x2  
  191  13:55  Zergling x2, Ultralisk x3  
  200  14:49  Hatchery  
Show
View Real Time Build Order
Export as new Build Order

Nyck Terran - Winner!

Build Orders:  

Get SALT Encoding   

  12  0:00  SCV  
  13  0:12  SCV  
  14  0:18  Supply Depot  
  14  0:25  SCV  
  15  0:40  SCV  
  16  0:43  Barracks  
  16  0:52  Refinery  
  16  0:54  Refinery  
  16  1:04  Barracks  
  16  1:07  SCV  
  17  1:20  SCV  
  18  1:33  Supply Depot  
  18  1:34  Barracks Tech Lab  
  18  1:37  Orbital Command  
  18  1:54  Barracks Reactor  
  18  1:59  Supply Depot, Marauder  
  20  2:05  SCV  
  21  2:17  SCV  
  22  2:23  Marauder  
  22  2:24  Concussive Shells  
  24  2:30  Marine  
  24  2:31  Marine  
  24  2:32  SCV  
  27  2:45  SCV  
  28  2:53  Marine x2, Marauder  
  32  3:09  Combat Shield  
  32  3:11  Marine x2  
  34  3:15  Marauder  
  36  3:22  Command Center  
  36  3:29  Supply Depot  
  37  3:34  SCV  
  37  3:37  Marine  
  37  3:40  Marine  
  39  3:51  Marauder  
  39  3:52  Supply Depot  
  41  3:57  SCV  
  41  4:01  Marine x2  
  44  4:08  Factory  
  44  4:11  SCV  
  45  4:18  Marauder  
  45  4:20  Marine  
  45  4:22  Marine  
  49  4:26  SCV  
  50  4:32  Stimpack  
  50  4:36  Orbital Command  
  50  4:50  Marine x2, Marauder  
  54  4:54  SCV  
  55  5:01  Engineering Bay  
  55  5:06  Starport  
  55  5:09  Factory Reactor  
  55  5:13  SCV x2  
  57  5:18  Marauder  
  57  5:20  Marine  
  60  5:21  Marine  
  60  5:26  SCV, Refinery  
  60  5:27  SCV  
  63  5:33  Terran Infantry Weapons Level 1  
  63  5:38  SCV  
  63  5:39  SCV, Marine  
  63  5:40  Marauder  
  63  5:42  Marine  
  69  5:57  Supply Depot  
  69  5:58  SCV  
  70  6:05  Barracks  
  70  6:19  SCV, Medivac x2  
  75  6:26  Supply Depot  
  75  6:28  SCV  
  75  6:29  Marine x2, Marauder  
  80  6:36  SCV  
  81  6:43  SCV  
  81  6:46  Command Center  
  82  6:48  Medivac x2  
  86  6:55  Engineering Bay  
  86  6:59  SCV x2, Armory  
  88  7:11  SCV x2  
  88  7:14  Refinery  
  90  7:16  Barracks Reactor  
  90  7:17  Marine, Marauder  
  90  7:18  Marine  
  94  7:23  Terran Infantry Armor Level 1  
  94  7:34  Supply Depot  
  94  7:54  SCV x2, Marine x2, Terran Infantry Weapons Level 2, Medivac x2  
  94  7:56  Marauder  
  94  7:57  Supply Depot, Terran Vehicle And Ship Armor Level 1  
  104  7:59  Marine  
  104  8:00  Marine  
  106  8:06  SCV x2  
  108  8:16  Command Center  
  108  8:20  Marine, Marauder  
  108  8:21  Supply Depot, Marine  
  112  8:41  Medivac x2  
  116  8:49  SCV x2  
  116  8:51  Marine x3, Marauder  
  116  8:52  Marine  
  124  9:01  SCV x2  
  126  9:13  SCV x2  
  126  9:14  Supply Depot  
  126  9:15  Supply Depot  
  128  9:25  SCV x2, Terran Infantry Armor Level 2  
  128  9:28  Orbital Command  
  130  9:35  Marine x4  
  130  9:36  Marauder  
  130  9:37  SCV x2, Medivac x2  
  142  9:52  Terran Vehicle And Ship Armor Level 2  
  142  9:53  SCV x2  
  142  9:54  SCV  
  145  10:01  Refinery  
  145  10:05  SCV  
  145  10:06  SCV x2  
  148  10:10  Marine x3, Marauder  
  148  10:11  Marine  
  148  10:12  Terran Infantry Weapons Level 3  
  154  10:14  Medivac  
  154  10:15  Medivac  
  154  10:17  SCV  
  154  10:18  SCV x2  
  154  10:20  Orbital Command  
  161  10:23  Supply Depot  
  161  10:24  Supply Depot  
  161  10:37  SCV x3  
  161  10:39  Marine  
  161  10:40  Marine x3, Marauder  
  170  10:46  Supply Depot  
  170  10:48  Supply Depot  
  170  10:51  SCV x3  
  170  10:52  SCV  
  170  10:53  Medivac x2  
  178  10:59  Marine x4  
  178  11:01  Marauder  
  184  11:05  SCV  
  184  11:06  SCV x3  
  184  11:09  Supply Depot  
  188  11:12  Supply Depot  
  188  11:16  Marine  
  186  11:25  SCV  
  186  11:26  SCV x3  
  186  11:27  Marine x3, Marauder  
  186  11:29  Medivac x2  
  198  11:34  Marine  
  198  11:36  Refinery  
  198  11:37  SCV  
  200  11:40  Refinery  
  200  11:44  Refinery  
  200  11:48  Terran Infantry Armor Level 3  
  200  11:53  Command Center  
  200  11:56  Barracks  
  200  11:58  Barracks  
  199  12:19  Marine  
  199  12:20  Marine x2  
  186  12:40  Marine x4  
  190  12:44  Barracks Reactor  
  190  12:45  Barracks  
  190  12:47  Barracks Reactor  
  190  12:53  SCV x2  
  190  12:54  SCV  
  190  13:05  SCV x2  
  190  13:06  SCV, Marine x4  
  190  13:07  Marauder  
  200  13:14  Viking  
  193  14:07  Marine  
  193  14:08  Marine x6  
  200  14:20  Marine  
  200  14:21  Marine  
  186  14:25  Marine  
  186  14:26  Marine x6  
Show
View Real Time Build Order
Export as new Build Order

bomberman Terran 

Build Orders:  

Get SALT Encoding   

  12  0:03  SCV  
  13  0:15  SCV  
  14  0:27  SCV  
  15  0:32  Supply Depot  
  15  1:14  Barracks  
  15  1:19  Command Center  
  15  1:22  Refinery  
  15  1:23  SCV  
  16  1:35  SCV  
  16  1:36  Refinery  
  17  1:42  Supply Depot  
  17  1:47  SCV  
  18  2:04  Supply Depot  
  18  2:07  Marine  
  19  2:25  Marine  
  19  2:26  Factory  
  21  2:30  SCV  
  21  2:42  SCV  
  22  2:49  Marine  
  22  2:50  Bunker  
  23  2:59  SCV  
  24  3:11  SCV, Factory Tech Lab  
  25  3:14  Engineering Bay  
  25  3:22  Marine  
  25  3:25  SCV  
  27  3:34  Siege Tank  
  27  3:38  SCV  
  31  3:44  Missile Turret  
  31  3:50  Missile Turret  
  31  4:00  Missile Turret  
  31  4:11  Orbital Command  
  31  4:15  Widow Mine  
  33  4:21  Missile Turret  
  33  4:24  Missile Turret  
  33  4:37  Widow Mine  
  35  4:41  Missile Turret  
  35  4:48  SCV  
  36  4:58  Widow Mine  
  38  5:00  SCV  
  39  5:12  SCV  
  40  5:19  Siege Tank  
  43  5:24  SCV  
  44  5:33  Command Center  
  44  5:43  Starport  
  44  5:47  Starport  
  44  5:51  Starport  
  44  5:55  Refinery  
  44  6:15  Missile Turret  
  44  6:22  Supply Depot  
  44  6:30  Missile Turret  
  44  6:34  Missile Turret  
  44  6:35  Orbital Command, Missile Turret  
  44  6:38  Missile Turret  
  44  6:39  Starport Tech Lab x3  
  44  6:44  Widow Mine  
  45  6:51  SCV  
  46  6:54  Missile Turret  
  44  7:03  SCV  
  44  7:06  Widow Mine  
  44  7:14  Refinery  
  44  7:20  Fusion Core  
  44  7:23  Missile Turret  
  44  7:24  SCV  
  44  7:25  Missile Turret  
  44  7:27  Widow Mine  
  47  7:36  SCV  
  48  7:40  Supply Depot  
  48  7:48  SCV  
  49  7:55  Widow Mine, Armory  
  51  8:00  SCV  
  52  8:13  SCV  
  52  8:17  Widow Mine  
  53  8:26  Refinery  
  51  8:28  Refinery  
  51  8:31  Missile Turret  
  51  8:33  Battlecruiser x2  
  63  8:38  Widow Mine  
  63  8:39  Weapon Refit  
  65  8:44  SCV  
  66  8:56  SCV  
  66  8:59  Widow Mine  
  75  9:02  Battlecruiser  
  75  9:11  Factory  
  75  9:14  Terran Vehicle Weapons Level 1  
  75  9:21  Widow Mine  
  77  9:41  Command Center  
  77  9:50  Supply Depot  
  77  9:57  Battlecruiser  
  77  9:58  Orbital Command  
  83  10:12  Battlecruiser  
  89  10:47  Factory Reactor  
  87  10:53  Widow Mine  
  84  11:14  Engineering Bay, Widow Mine  
  68  11:28  Supply Depot  
  68  11:29  Terran Vehicle And Ship Armor Level 1  
  68  11:30  Supply Depot  
  68  11:34  Widow Mine  
  68  11:35  Widow Mine  
  68  11:36  Widow Mine  
  74  11:42  Refinery x2  
  74  11:48  Missile Turret  
  74  11:56  Widow Mine x2  
  74  11:59  Missile Turret  
  74  12:00  Missile Turret  
  78  12:16  Widow Mine  
  78  12:17  Widow Mine x2  
  84  12:37  Widow Mine  
  84  12:40  Battlecruiser  
  92  12:58  Battlecruiser  
  98  12:59  Widow Mine  
  100  13:20  Widow Mine x2  
  100  13:21  Widow Mine  
  78  13:41  Widow Mine  
  61  14:25  Missile Turret  
Show
View Real Time Build Order
Export as new Build Order

parabellum Protoss 

Build Orders: Phoenix Opening 

Get SALT Encoding   

  12  0:03  Probe  
  13  0:15  Probe  
  14  0:22  Pylon  
  14  0:28  Probe  
  15  0:36  Probe  
  16  0:44  Gateway, Probe  
  17  0:50  Assimilator  
  17  0:54  Probe  
  18  1:13  Probe  
  19  1:19  Gateway  
  19  1:22  Pylon  
  19  1:25  Probe  
  20  1:35  Cybernetics Core  
  20  1:38  Assimilator  
  20  1:40  Probe  
  21  2:03  Stalker  
  23  2:16  Nexus  
  23  2:19  Warp Gate  
  23  2:23  Probe  
  24  2:37  Probe  
  24  2:38  Twilight Council  
  25  2:48  Stalker  
  27  2:58  Adept  
  28  3:11  Gateway  
  28  3:16  Pylon  
  28  3:20  Sentry  
  28  3:25  Probe x2  
  30  3:33  Probe x2  
  32  3:39  Robotics Facility  
  34  3:42  Probe  
  34  3:44  Probe  
  36  3:50  Phoenix  
  36  3:53  Adept  
  36  3:55  Probe  
  39  4:01  Blink  
  39  4:04  Gateway  
  39  4:05  Probe  
  40  4:19  Adept  
  42  4:27  Observer  
  42  4:28  Forge  
  42  4:29  Probe  
  44  4:32  Assimilator  
  44  4:37  Pylon  
  44  4:38  Probe  
  44  4:40  Protoss Ground Weapons Level 1  
  44  4:41  Probe  
  46  4:53  Immortal  
  46  4:56  Probe x2  
  52  5:08  Shield Battery  
  52  5:11  Stalker  
  54  5:17  Stalker  
  56  5:23  Probe x2  
  58  5:29  Assimilator  
  58  5:31  Pylon  
  58  5:32  Stalker  
  60  5:42  Pylon  
  60  5:49  Observer  
  61  5:53  Pylon  
  61  5:58  Stalker  
  61  6:02  Charge  
  63  6:12  Stalker x2  
  67  6:22  Probe x2  
  69  6:29  Stargate  
  69  6:34  Probe  
  69  6:39  Probe  
  71  6:52  Stalker  
  71  6:53  Stalker x2  
  77  6:54  Probe x2  
  79  7:03  Observer  
  79  7:14  Gateway  
  79  7:15  Protoss Ground Weapons Level 2  
  79  7:16  Gateway  
  79  7:19  Gateway  
  79  7:32  Phoenix  
  79  7:34  Nexus  
  79  7:35  Gateway, Pylon x2  
  79  7:39  Immortal  
  85  7:45  Pylon  
  85  7:48  Pylon  
  85  7:49  Probe  
  85  7:51  Observer  
  86  8:10  Probe x2  
  88  8:21  Robotics Facility  
  88  8:23  Robotics Bay, Stargate  
  88  8:27  Stargate  
  88  8:31  Probe x2  
  90  8:36  Shield Battery  
  90  8:38  Photon Cannon  
  90  8:39  Stalker  
  90  8:40  Photon Cannon  
  92  8:45  Templar Archives  
  91  8:49  Probe x3  
  91  8:55  Stalker  
  94  9:05  Probe  
  94  9:06  Probe x2  
  94  9:08  Pylon  
  94  9:09  Stalker  
  99  9:14  Phoenix  
  101  9:21  Assimilator  
  101  9:25  Assimilator, Phoenix x2  
  101  9:30  High Templar  
  107  9:35  Probe  
  107  9:36  Probe  
  107  9:38  High Templar  
  111  9:43  Protoss Ground Armor Level 1  
  111  9:50  Archon  
  111  9:52  Zealot  
  113  9:53  Probe  
  113  9:58  Colossus  
  114  10:01  Gateway  
  114  10:04  Gateway, Pylon  
  114  10:06  Pylon  
  114  10:07  Gateway  
  120  10:15  Extended Thermal Lance  
  120  10:17  Colossus  
  126  10:32  Phoenix  
  128  10:37  Probe  
  128  10:38  Probe  
  130  10:55  Nexus  
  124  11:03  High Templar x3  
  129  11:10  Phoenix  
  131  11:21  Archon  
  131  11:28  Nexus  
  131  11:31  High Templar x2  
  131  11:32  Pylon  
  135  11:33  Zealot x3, Pylon  
  135  11:34  Zealot x2  
  135  11:35  Archon  
  149  11:45  Void Ray  
  149  11:48  Probe  
  149  11:50  Zealot x3  
  149  11:51  Zealot  
  158  12:00  Void Ray  
  166  12:04  Void Ray  
  166  12:07  Shield Battery  
  166  12:09  Shield Battery  
  166  12:10  Photon Cannon  
  113  12:25  Zealot x6  
  113  12:26  Zealot x3  
  48  13:12  Void Ray x3  
  59  13:55  Void Ray  
Tags
 
Add a new tag
Caveats
  • Supply blocks, unpowered buildings, or Contaminate may cause inaccurate times.
  • Supply counts are checked every 10 seconds.